Map: Central Protocol

Players

LiquidMaNa (MaNa)

  • Race: Protoss Protoss

speaknow (ByuN) - Winner!

  • Race: Terran Terran
  • League: Platinum

VOD

Have the link to the VOD?

Description

Time

  • Played on: Dec. 14, 2015, 10:16 p.m.
  • Length: 14:01
Show
View Real Time Build Order
Export as new Build Order

LiquidMaNa Protoss 

Build Orders:  

Get SALT Encoding   

  12  0:00  Probe (Chrono Boost)  
  13  0:11  Probe (Chrono Boost)  
  14  0:18  Pylon  
  14  0:22  Probe (Chrono Boost)  
  15  0:36  Probe (Chrono Boost)  
  15  0:37  Gateway  
  16  0:47  Probe (Chrono Boost), Assimilator  
  17  0:57  Probe (Chrono Boost)  
  17  0:58  Assimilator  
  18  1:08  Probe (Chrono Boost)  
  19  1:18  Probe (Chrono Boost)  
  19  1:24  Cybernetics Core  
  20  1:29  Probe (Chrono Boost)  
  20  1:30  Pylon  
  22  1:40  Probe (Chrono Boost)  
  22  1:50  Probe (Chrono Boost)  
  22  2:01  Adept, Pylon  
  24  2:02  Mothership Core (Chrono Boost), Warp Gate  
  24  2:06  Pylon  
  26  2:31  Probe (Chrono Boost), Robotics Facility  
  26  2:33  Adept (Chrono Boost)  
  29  2:42  Probe  
  30  2:46  Gateway  
  30  2:54  Probe  
  31  3:00  Adept (Chrono Boost)  
  33  3:07  Pylon  
  36  3:20  Immortal (Chrono Boost)  
  36  3:31  Adept  
  38  3:39  Gateway  
  38  3:44  Gateway  
  38  3:57  Immortal (Chrono Boost)  
  42  4:06  Sentry  
  44  4:10  Pylon  
  44  4:12  Sentry  
  46  4:32  Adept  
  46  4:36  Adept x2  
  52  4:39  Adept  
  52  4:41  Observer (Chrono Boost)  
  52  4:43  Pylon  
  53  5:01  Warp Prism (Chrono Boost)  
  56  5:17  Stalker x2  
  56  5:21  Stalker  
  62  5:25  Stalker  
  63  5:42  Stalker  
  59  5:43  Stalker  
  59  5:48  Adept  
  62  5:58  Probe  
  55  6:09  Adept x3  
  45  6:14  Adept x2  
  45  6:15  Adept  
  45  6:17  Adept  
  35  6:32  Immortal (Chrono Boost)  
  37  6:37  Sentry x2  
  41  6:46  Adept  
  43  6:50  Adept  
  45  7:08  Immortal (Chrono Boost)  
  39  7:33  Nexus  
  39  7:36  Adept  
  41  7:46  Adept, Observer (Chrono Boost)  
  41  7:47  Probe  
  45  7:58  Adept  
  45  7:59  Adept  
  49  8:07  Probe  
  50  8:15  Twilight Council  
  51  8:26  Stalker  
  52  8:30  Stalker  
  54  8:40  Stalker  
  56  8:55  Dark Shrine  
  56  9:03  Resonating Glaives (Chrono Boost)  
  56  9:18  Probe  
  56  9:20  Probe  
  56  9:22  Assimilator  
  58  9:27  Adept  
  60  9:38  Adept  
  60  9:39  Adept  
  64  9:56  Probe  
  65  10:09  Dark Templar x2  
  65  10:10  Dark Templar  
  65  10:13  Probe  
  71  10:14  Probe  
  73  10:23  Probe  
  73  10:26  Immortal  
  76  10:43  Probe  
  76  10:48  Probe  
  75  10:56  Dark Templar  
  72  10:58  Probe  
  72  10:59  Probe  
  72  11:02  Assimilator  
  74  11:14  Stalker x2  
  76  11:21  Stalker  
  78  11:25  Blink (Chrono Boost)  
  78  11:32  Probe  
  78  11:37  Pylon  
  78  11:42  Pylon  
  78  11:55  Immortal  
  78  11:56  Stalker x2  
  78  11:57  Pylon  
  78  12:01  Stalker x2  
  86  12:15  Probe  
  86  12:16  Probe  
  86  12:20  Sentry  
  86  12:21  Sentry  
  92  12:24  Adept  
  94  12:31  Adept  
  94  12:33  Probe  
  94  12:35  Observer  
  92  12:41  Pylon  
  92  12:42  Pylon  
  87  12:44  Probe  
  87  12:46  Probe  
  88  12:55  Pylon  
  86  13:02  Adept x2  
Show
View Real Time Build Order
Export as new Build Order

speaknow Terran - Winner!

Build Orders: Liberator Opening 

Get SALT Encoding   

  12  0:00  SCV  
  13  0:13  SCV  
  14  0:18  Supply Depot  
  14  0:25  SCV  
  15  0:40  SCV  
  15  0:41  Barracks  
  16  0:43  Refinery  
  16  0:52  SCV  
  17  1:04  SCV  
  18  1:16  SCV  
  19  1:31  Barracks Reactor  
  19  1:33  Orbital Command  
  19  1:42  Command Center  
  19  1:58  SCV  
  19  1:59  Supply Depot  
  20  2:07  Marine x2  
  22  2:10  SCV  
  23  2:18  Factory  
  23  2:25  Marine x2  
  23  2:26  SCV  
  25  2:38  SCV  
  25  2:43  Marine x2  
  28  2:50  SCV  
  29  2:53  Refinery  
  29  2:55  Orbital Command  
  29  3:01  Marine x2  
  30  3:11  Factory Tech Lab  
  30  3:13  Starport  
  30  3:15  SCV  
  30  3:18  Marine  
  30  3:19  Marine  
  33  3:27  SCV  
  35  3:35  Cyclone  
  35  3:40  Supply Depot  
  37  3:41  SCV, Marine x2  
  37  3:42  Liberator  
  40  3:53  SCV  
  40  3:54  SCV  
  42  3:59  Marine  
  42  4:02  Marine  
  47  4:07  SCV  
  47  4:08  Supply Depot, SCV  
  49  4:18  Marine  
  49  4:19  Marine  
  49  4:21  Bunker  
  49  4:23  Siege Tank  
  54  4:30  Supply Depot  
  54  4:32  SCV x2  
  56  4:44  SCV  
  56  4:45  SCV  
  58  4:50  Marine x2  
  60  4:55  Supply Depot, Liberator  
  59  5:03  Supply Depot  
  54  5:08  Marine x2  
  54  5:14  Siege Tank  
  60  5:17  Orbital Command  
  60  5:19  SCV  
  61  5:27  Marine x2  
  63  5:35  SCV  
  58  5:45  Marine x2  
  58  5:46  Siege Tank  
  62  5:57  Barracks  
  62  6:02  Marine  
  62  6:03  Marine  
  41  6:20  Marine  
  41  6:21  Marine  
  41  6:30  Siege Tank  
  42  6:33  Orbital Command  
  42  6:38  Marine x2  
  44  6:44  SCV  
  45  6:54  Barracks  
  45  6:56  Marine x2  
  45  6:59  Liberator  
  45  7:00  SCV x2  
  47  7:08  Marine  
  43  7:12  SCV x2  
  43  7:14  Marine x2  
  43  7:15  Supply Depot  
  49  7:25  Marine  
  50  7:30  Siege Tank  
  50  7:32  Marine  
  54  7:42  Liberator  
  53  7:45  Supply Depot, Marine  
  53  7:46  Marine x2  
  59  8:09  Marine x3  
  59  8:10  Marine  
  63  8:32  Marine x2  
  63  8:33  Marine x2  
  67  8:35  SCV, Orbital Command  
  68  8:50  Marine x2  
  68  8:51  Marine x2  
  68  8:55  SCV  
  73  9:08  SCV x2  
  75  9:19  Marine x4  
  75  9:23  SCV x2  
  81  9:29  Siege Tank  
  84  9:36  SCV x2  
  86  9:43  Marine x2  
  88  9:58  SCV  
  88  9:59  SCV, Engineering Bay  
  90  10:00  Barracks Tech Lab  
  90  10:01  Marine x2  
  90  10:04  Barracks Tech Lab  
  92  10:08  Medivac  
  92  10:12  Siege Tank  
  92  10:13  Refinery  
  97  10:17  Supply Depot  
  97  10:19  Supply Depot  
  97  10:21  Marine x3  
  97  10:23  Stimpack, Marine  
  101  10:34  Bunker  
  101  10:38  SCV  
  101  10:39  SCV  
  102  10:44  Missile Turret  
  102  10:45  Missile Turret  
  100  10:55  Missile Turret  
  99  11:01  Marine x4  
  103  11:07  Missile Turret  
  101  11:22  Missile Turret, Marine x3  
  101  11:23  Marine  
  101  11:24  Siege Tank, Medivac  
  110  11:39  Terran Infantry Weapons Level 1  
  110  11:40  Supply Depot x2  
  110  11:48  Marine x3  
  110  11:49  Marine  
  114  12:00  Siege Tank  
  117  12:06  Medivac  
  119  12:16  Marine x4  
  123  12:33  Marine  
  123  12:34  Marine x3  
  123  12:51  Marine x2  
  123  12:52  Marine x2  
  121  13:09  Marine x4  
  116  13:27  Marine x3  
Tags
 
Add a new tag
Caveats
  • Supply blocks, unpowered buildings, or Contaminate may cause inaccurate times.
  • Supply counts are checked every 10 seconds.